 Dungeon Crawl Stone Soup version 0.29.0-4-gdea44cf6ec (webtiles) character file.

Game seed: 1789727464197069670

209 qw the Chopper (level 5, -2/30 HPs)
             Began as a Tengu Warper on Aug 28, 2022.
             Killed from afar by Blork the orc (8 damage)
             ... with a puff of flame
             ... on level 4 of the Dungeon.
             The game lasted 00:00:24 (4315 turns).

qw the Chopper (Tengu Warper)                       Turns: 4315, Time: 00:00:24

Health: -2/30      AC: 11    Str: 10 (13) XL:     5   Next: 87%
Magic:  9/9        EV:  3    Int: 12 (13) God:
Gold:   72         SH:  5    Dex: 12 (14) Spells: 8/8 levels left

rFire   . . .      SeeInvis .   Y - +1 hand axe
rCold   . . .      Faith    .   (no shield)
rNeg    + . .      Spirit   .   h - +0 plate armour
rPois   .          Reflect  +   (helmet restricted)
rElec   .          Harm     .   (no cloak)
rCorr   .          Rampage  .   (no gloves)
Will    .....                   (boots unavailable)
Stlth   ..........              k - amulet of reflection
HPRegen 0.10/turn               j - ring of positive energy
MPRegen 0.11/turn               (no ring)

@: about to teleport, flying quickly and evasively, quick
A: beak, talons 3, nimble flight
a: no special abilities


You were on level 4 of the Dungeon.
You visited 2 branches of the dungeon, and saw 5 of its levels.

You collected 241 gold pieces.
You spent 169 gold pieces at shops.


Innate Abilities, Weirdness & Mutations

You have a beak for a mouth.
You have claws for feet.
Your magical nature lets you fly swiftly and evasively.


   Skills:
 - Level 2.0 Fighting
 - Level 6.0 Axes
 - Level 1.0 Throwing
 + Level 2.6 Armour
 - Level 2.1 Dodging
 - Level 2.0 Spellcasting
 - Level 2.4 Translocations


You had 8 spell levels left.
You didn't know any spells.
Your spell library contained the following spells:

 Spells                   Type           Power      Damage    Failure   Level
 Blink                    Tloc           12%        N/A       100%        2
 Gell's Gravitas          Tloc           6%         N/A       100%        3
 Lesser Beckoning         Tloc           6%         N/A       100%        3
 Teleport Other           Tloc           6%         N/A       100%        3
 Manifold Assault         Tloc           6%         N/A       100%        5

Inventory:

Hand Weapons
 c - a +0 flail
 Y - a +1 hand axe (weapon)
Missiles
 f - a boomerang (quivered)
Armour
 h - a +0 plate armour (worn)
Jewellery
 j - a ring of positive energy (left hand)
 k - an amulet of reflection (around neck)
Scrolls
 a - a scroll of fear {unknown}
 b - 2 scrolls of identify
Potions
 d - 7 potions of curing
 e - a potion of heal wounds
 g - a potion of mutation
 i - a potion of resistance
 n - 2 potions of might

Dungeon Overview and Level Annotations

Branches:
Dungeon (4/15)             Temple (1/1) D:4

Altars:
Ashenzari
Cheibriados
Dithmenos
Elyvilon
Fedhas
Gozag
Hepliaklqana
Kikubaaqudgha
Makhleb
Nemelex Xobeh
Qazlal
Ru
Sif Muna
Trog
Uskayaw
Wu Jian
Xom
Zin
The Shining One

Shops:
D:3 !

Annotations:
D:3 Natasha
D:4 Blork the orc


Message History

Blork the orc is moderately wounded.
Blork the orc miscasts a cantrip.
You closely miss Blork the orc. You claw Blork the orc.
Blork the orc is moderately wounded.
You block Blork the orc's attack.
You hit Blork the orc.
You claw Blork the orc, but do no damage.
You peck Blork the orc.
Blork the orc is heavily wounded.
Blork the orc miscasts a cantrip.
You closely miss Blork the orc.
Blork the orc is heavily wounded.
You block Blork the orc's attack.
You hit Blork the orc.
Blork the orc is severely wounded.
Blork the orc hits you with a +0 war axe.
You hit Blork the orc. Your kick misses Blork the orc.
Your peck misses Blork the orc.
Blork the orc is severely wounded.
Blork the orc casts a spell at you.
The magic dart hits you but does no damage.
You closely miss Blork the orc. Your kick misses Blork the orc.
Blork the orc is severely wounded.
Blork the orc barely misses you.
You completely miss Blork the orc.
Blork the orc is severely wounded.
You block Blork the orc's attack.
You closely miss Blork the orc. You peck Blork the orc.
Blork the orc is almost dead.
Blork the orc casts a spell at you.
The magic dart hits you but does no damage.
You hit Blork the orc.
Blork the orc is almost dead.
Blork the orc hits you with a +0 war axe!
4315 ||| READING scroll of teleportation.
As you read the scroll of teleportation, it crumbles to dust.
You feel strangely unstable.
Blork the orc points at you and mumbles some strange words.
The puff of flame hits you!
You die...

#...........#.# #
#.#.#.......#.#.#
#
..#.#.#...#.#.#.#
#
#.#.#.#.#.#.#.#.#
##.#.#.#.#.#.#.#.#
..#.#.#...#.#.#.#
#.#.#....)..#.#..
#o#...........#
#.@....###.....
#####....#####.
####..# #... ###.


You could see Blork the orc.

Vanquished Creatures
  Natasha (twice) (D:3)
  6 adders
  4 dart slugs
  2 worms (D:2)
  3 orcs (D:3)
  7 endoplasms
  4 giant cockroaches
  11 goblins
  11 hobgoblins
  A jackal (D:1)
  5 quokkas
  11 ball pythons
  7 bats
  5 frilled lizards
  4 kobolds
  6 rats
89 creatures vanquished.

Vanquished Creatures (others)
  A fungus (D:3)
  2 plants (D:3)
3 creatures vanquished.

Grand Total: 92 creatures vanquished

Notes
Turn   | Place    | Note
-------+----------+-------------------------------------------
     0 | D:1      | qw the Tengu Warper began the quest for the Orb.
     0 | D:1      | Reached XP level 1. HP: 12/12 MP: 4/4
     0 | D:1      | 0 ||| qw: Version: 0.1-a-89-g26bdef1
     0 | D:1      | 0 ||| qw: Game counter: 1697
     0 | D:1      | 0 ||| qw: Always use a shield: true
     0 | D:1      | 0 ||| qw: God list: Okawaru
     0 | D:1      | 0 ||| qw: Allow faded altars: false
     0 | D:1      | 0 ||| qw: Do Orc after D:15 true
     0 | D:1      | 0 ||| qw: Do second Lair branch before Depths: true
     0 | D:1      | 0 ||| qw: Lair rune preference: random
     0 | D:1      | 0 ||| qw: Plans: Normal
     0 | D:1      | 0 ||| PLANNING D:1-11
   262 | D:1      | Reached XP level 2. HP: 12/17 MP: 6/6
   368 | D:1      | Reached skill level 3 in Axes
  1291 | D:1      | 1291 ||| UPGRADING to +0 plate armour.
  1301 | D:1      | 1301 ||| DROPPING +0 leather armour.
  1302 | D:1      | 1302 ||| READING scroll labelled XOUNWA SAICHIE.
  1303 | D:1      | 1303 ||| READING scroll labelled EMOQUP PASUA.
  1306 | D:1      | 1306 ||| DRINKING 2 golden potions.
  1307 | D:1      | 1307 ||| DROPPING scroll of blinking.
  1347 | D:2      | Reached XP level 3. HP: 21/21 MP: 7/7
  1388 | D:2      | Reached skill level 4 in Axes
  1514 | D:2      | 1514 ||| Stepping ~*~*~tactically~*~*~ (stealth).
  1767 | D:2      | Found a blossoming altar of Fedhas.
  1830 | D:2      | 1830 ||| Stepping ~*~*~tactically~*~*~ (stealth).
  1924 | D:2      | Reached XP level 4. HP: 24/26 MP: 8/8
  1936 | D:2      | 1936 ||| FLEEEEING.
  1937 | D:2      | 1937 ||| FLEEEEING.
  2210 | D:2      | 2210 ||| DROPPING +0 club.
  2473 | D:2      | 2473 ||| UPGRADING to amulet of the acrobat.
  2478 | D:2      | 2478 ||| UPGRADING to amulet of reflection.
  2488 | D:2      | 2488 ||| DROPPING amulet of the acrobat.
  2489 | D:2      | 2489 ||| READING scroll labelled DUCIDGH RIHODI.
  2490 | D:2      | 2490 ||| READING scroll labelled YXTAPU BOVIOH.
  2491 | D:2      | 2491 ||| READING scroll labelled AFOISTRU NUEM.
  2584 | D:3      | 2584 ||| Stepping ~*~*~tactically~*~*~ (stealth).
  2597 | D:3      | 2597 ||| Stepping ~*~*~tactically~*~*~ (stealth).
  2598 | D:3      | 2598 ||| Stepping ~*~*~tactically~*~*~ (stealth).
  2601 | D:3      | 2601 ||| Stepping ~*~*~tactically~*~*~ (stealth).
  2602 | D:3      | 2602 ||| Stepping ~*~*~tactically~*~*~ (stealth).
  2607 | D:3      | 2607 ||| Stepping ~*~*~tactically~*~*~ (stealth).
  2616 | D:3      | 2616 ||| Stepping ~*~*~tactically~*~*~ (stealth).
  2622 | D:3      | 2622 ||| Stepping ~*~*~tactically~*~*~ (stealth).
  2623 | D:3      | 2623 ||| Stepping ~*~*~tactically~*~*~ (stealth).
  2624 | D:3      | 2624 ||| Stepping ~*~*~tactically~*~*~ (stealth).
  2638 | D:3      | 2638 ||| DROPPING +0 whip.
  2714 | D:3      | 2714 ||| Stepping ~*~*~tactically~*~*~ (stealth).
  2724 | D:3      | 2724 ||| Stepping ~*~*~tactically~*~*~ (hiding).
  2759 | D:3      | Reached skill level 5 in Axes
  2775 | D:3      | 2775 ||| Stepping ~*~*~tactically~*~*~ (stealth).
  2804 | D:3      | Gained mutation: Your magical nature lets you fly swiftly
                  | and evasively. [Tengu growth]
  2804 | D:3      | Reached XP level 5. HP: 30/30 MP: 9/9
  2852 | D:3      | 2852 ||| Stepping ~*~*~tactically~*~*~ (stealth).
  2884 | D:3      | Found Gazopy's Distillery.
  2895 | D:3      | 2895 ||| BUYING potion of curing (39 gold).
  2895 | D:3      | Bought a potion of curing for 39 gold pieces
  2895 | D:3      | 2895 ||| BUYING potion of curing (39 gold).
  2895 | D:3      | Bought a potion of curing for 39 gold pieces
  2895 | D:3      | 2895 ||| BUYING potion of curing (39 gold).
  2895 | D:3      | Bought a potion of curing for 39 gold pieces
  2895 | D:3      | 2895 ||| SHOPLISTING potion of heal wounds (65 gold, have
                  | 61).
  2895 | D:3      | 2895 ||| BUYING potion of might (52 gold).
  2895 | D:3      | Bought a potion of might for 52 gold pieces
  2895 | D:3      | 2895 ||| SHOPLISTING potion of might (52 gold, have 9).
  3028 | D:3      | Noticed Natasha
  3042 | D:3      | Killed Natasha
  3057 | D:3      | Noticed Natasha
  3058 | D:3      | 3058 ||| FLEEEEING.
  3059 | D:3      | 3059 ||| FLEEEEING.
  3060 | D:3      | 3060 ||| FLEEEEING.
  3061 | D:3      | 3061 ||| FLEEEEING.
  3062 | D:3      | HP: 5/30 [Natasha/magic dart (6)]
  3063 | D:3      | 3063 ||| READING scroll of teleportation.
  3065 | D:3      | HP: 1/30 [Natasha/magic dart (4)]
  3141 | D:3      | HP: 5/30 [Natasha (4)]
  3145 | D:3      | Killed Natasha
  3397 | D:3      | 3397 ||| Stepping ~*~*~tactically~*~*~ (hiding).
  3426 | D:3      | Found a faded altar of an unknown god.
  3572 | D:3      | 3572 ||| READING scroll labelled XOIMAA ZIEMILA.
  3573 | D:3      | 3573 ||| READING scroll labelled BIPLIYSHRYE.
  3690 | D:3      | Noticed Natasha
  3709 | D:3      | 3709 ||| READING scroll labelled HUCEL DOUKA.
  3710 | D:3      | 3710 ||| DRINKING 2 ruby potions.
  3711 | D:3      | 3711 ||| READING 4 scrolls of identify.
  3711 | D:3      | 3711 ||| IDENTIFYING green potion
  3712 | D:3      | 3712 ||| READING 3 scrolls of identify.
  3712 | D:3      | 3712 ||| IDENTIFYING yellow potion
  3713 | D:3      | 3713 ||| DROPPING potion of flight.
  3714 | D:3      | 3714 ||| READING scroll of teleportation.
  3946 | D:4      | Found a staircase to the Ecumenical Temple.
  3947 | D:4      | 3947 ||| PLANNING TEMPLE
  3947 | D:4      | 3947 ||| UPGRADING to ring of positive energy.
  3948 | D:4      | 3948 ||| DRINKING 2 bubbling purple potions.
  3949 | D:4      | 3949 ||| DROPPING potion of degeneration.
  3957 | Temple   | Entered the Ecumenical Temple
  4044 | Temple   | 4044 ||| PLANNING D:1-11
  4102 | D:4      | 4102 ||| Stepping ~*~*~tactically~*~*~ (stealth).
  4108 | D:4      | Reached skill level 6 in Axes
  4225 | D:4      | Found a glowing golden altar of the Shining One.
  4228 | D:4      | Found a glowing silver altar of Zin.
  4232 | D:4      | Found a hazy altar of Hepliaklqana.
  4235 | D:4      | Found a snail-covered altar of Cheibriados.
  4302 | D:4      | Noticed Blork the orc
  4314 | D:4      | HP: 6/30 [Blork the orc/+0 war axe (7)]
  4315 | D:4      | 4315 ||| READING scroll of teleportation.
  4315 | D:4      | Killed from afar by Blork the orc

Levels and vault maps discovered:
D:1:      lemuel_arrival_rhombus, layout_basic, minivault_23,
          minmay_heptomino_d4
D:2:      layout_basic, basic_altar, minmay_fractal_squares_5
D:3:      layout_loops_ring, shapermc_ecumenical_altar_rom_forum, serial_shops,
          shop_fountains, guppyfry_early_orc_mine, uniq_natasha
D:4:      layout_loops_cross, grunt_temple_overflow_cloverleaf,
          minmay_temple_entry_trees, minmay_misc_feat_more_columns,
          kennysheep_generic_room_9, uniq_blork_the_orc
Temple:   regret_index_temple_waves

Skill      XL: |  1  2  3  4  5 |
---------------+----------------+-----
Axes           | 3 4 5 6 |  6.0
Armour         | 2 |  2.6
Fighting       | |  2.0
Throwing       | |  1.0
Dodging        | |  2.1
Spellcasting   | |  2.0
Translocations | |  2.4

Action                   |  1- 3 |  4- 6 || total
-------------------------+-------+-------++-------
Melee: Hand axe          |    75 |   131 ||   206
       Kick              |    18 |    35 ||    53
       Peck              |     7 |    17 ||    24
Throw: Boomerang         |     7 |    34 ||    41
  Use: Scroll            |     2 |    11 ||    13
       Potion            |     1 |     2 ||     3
Armor: Leather armour    |     7 |       ||     7
       Plate armour      |    16 |    44 ||    60
Dodge: Dodged            |    24 |    21 ||    45
Block: Other             |       |    22 ||    22
       Reflection        |       |     2 ||     2

Table legend:
 A = Non-vault XP
 B = Vault XP
 C = Vault XP percentage of total XP
 D = Non-vault monster count
 E = Vault monster count
 F = Vault count percentage of total count
                 A         B        C        D         E       F
            +---------+---------+-------+---------+---------+-------
      Total |     222 |      77 |  25.8 |      74 |      15 |  16.9
            +---------+---------+-------+---------+---------+-------
        D:1 |      30 |       3 |   9.1 |      17 |       2 |  10.5
        D:2 |      61 |      23 |  27.4 |      20 |       5 |  20.0
        D:3 |      81 |      51 |  38.6 |      22 |       8 |  26.7
        D:4 |      50 |       0 |   0.0 |      15 |       0 |   0.0
            +---------+---------+-------+---------+---------+-------
